 Dungeon Crawl Stone Soup version 0.21.1-1-g345015f (webtiles) character file.

329 Mgcat the Skirmisher (level 6, -1/51 HPs)
             Began as a Demonspawn Berserker on Mar 1, 2018.
             Was a Believer of Trog.
             Killed from afar by an orc wizard (3 damage)
             ... with a puff of flame
             ... on level 4 of the Dungeon.
             The game lasted 00:06:43 (3223 turns).

Mgcat the Skirmisher (Demonspawn Berserker)         Turns: 3223, Time: 00:06:44

Health: -1/51      AC:  8    Str: 17    XL:     6   Next: 25%
Magic:  6/6        EV: 11    Int:  9    God:    Trog [**....]
Gold:   201        SH:  0    Dex: 14    Spells: 5/5 levels left

rFire    . . .     SeeInvis .   a - +0 hand axe
rCold    . . .     Gourm    .   (no shield)
rNeg     . . .     Faith    .   f - +0 ring mail
rPois    .         Spirit   .   (helmet restricted)
rElec    .         Reflect  .   l - +2 cloak
rCorr    .         Harm     .   (no gloves)
MR       .....                  (no boots)
Stlth    +.........             (no amulet)
HPRegen  0.17/turn              (no ring)
MPRegen  0.10/turn              (no ring)

@: berserk cooldown, slowed, very slow
A: antennae 1, talons 1
a: Berserk, Trog's Hand, Burn Spellbooks, Renounce Religion


You were on level 4 of the Dungeon.
You worshipped Trog.
Trog was pleased with you.
You were near starving.

You visited 1 branch of the dungeon, and saw 4 of its levels.

You collected 201 gold pieces.

Inventory:

Hand Weapons
 a - a +0 hand axe (weapon)
Missiles
 i - a throwing net {=f, !d}
Armour
 f - a +0 ring mail (worn)
   (You found it on level 1 of the Dungeon)
 l - a +2 cloak (worn)
   (You found it on level 2 of the Dungeon)
Wands
 g - a wand of polymorph (10)
   (You found it on level 4 of the Dungeon)
Scrolls
 d - 3 scrolls of magic mapping {!r}
 h - 2 scrolls of remove curse
 m - a scroll of blinking {unknown}
Potions
 b - a potion of lignification {!q}
 e - 3 potions of heal wounds
 j - a potion of might
 k - 2 potions of magic
Comestibles
 c - 6 rations


   Skills:
 + Level 5.4 Fighting
 + Level 4.9 Axes
 - Level 1.7 Armour
 - Level 1.7 Dodging


You had 5 spell levels left.
You didn't know any spells.

Dungeon Overview and Level Annotations

Branches:
Dungeon (4/15)             Temple (0/1) D:4

Altars:
Kikubaaqudgha
Okawaru
Uskayaw


Innate Abilities, Weirdness & Mutations

You have a pair of small antennae on your head.
You have sharp toenails.


Message History

You closely miss the orc.
The orc wizard mumbles some strange words.
The orc wizard flickers and vanishes!
Deactivating autopickup; reactivate with Ctrl-A.
The orc misses you. The orc hits you but does no damage.
You hit the orc.
The orc is almost dead.
You hit the orc. The orc hits you but does no damage.
You hit the orc.
You kill the orc!
Trog accepts your kill.
You hit the orc but do no damage. The orc hits you with a mace.
Something hits you.
You completely miss the orc. Your kick misses the orc.
The orc is heavily wounded.
You hit something. You barely miss the orc priest.
The orc priest barely misses you. The orc closely misses you.
Something hits you but does no damage.
You barely miss the orc.
The orc is heavily wounded.
You hit the orc priest but do no damage.
You miss something.
The orc priest calls down the wrath of Beogh upon you.
Pain shoots through your body!
You hear some strange, mumbled words.
Something tries to affect you, but you resist.
You are too injured to fight recklessly!
You are too injured to fight recklessly!
You are too injured to fight recklessly!
You are too injured to fight recklessly!
You are too injured to fight recklessly!
A red film seems to cover your vision as you go berserk!
You feel yourself moving faster!
You feel mighty!
You are near starving!
The orc barely misses you.
The orc priest calls down the wrath of Beogh upon you.
Beogh smites you!
You hear some strange, mumbled words.
You are confused.
You barely miss something. Your kick misses something. You miss the orc.
You hit the orc priest. The orc barely misses you.
The orc priest hits you with a mace of protection!
You miss something. Your kick misses something. You miss the orc priest.
You closely miss the orc. Something hits you but does no damage.
The orc closely misses you.
You're too confused to move!
You feel a strong urge to attack something.
You miss the orc.
The orc is heavily wounded.
You hit the orc priest but do no damage.
The orc priest invokes the aid of Beogh against you.
Pain shoots through your body!
You're too confused to move!
The orc hits you with a mace.
You hear some strange, mumbled words.
You are more confused.
The orc priest closely misses you.
You slash the orc priest!
You kill the orc priest!
Trog accepts your kill.
You hit something but do no damage. You slash the orc!
You kill the orc!
Trog accepts your kill. Something hits you but does no damage.
You bump into the rock wall.
You are no longer berserk.
You are exhausted.
You feel yourself slow down.
Something hits you but does no damage. x2
You see here a mace of protection.
You bump into the rock wall.
Something hits you but does no damage.
You closely miss something. You claw something.
You hear some strange, mumbled words.
A magic dart appears from out of thin air!
The magic dart hits you! Something hits you but does no damage.
You feel less confused. Something hits you.
* * * LOW HITPOINT WARNING * * *
You see here a dagger.
You hit something but do no damage. Something completely misses you.
Something hits you but does no damage.
You closely miss something. Your kick misses something. Something hits you.
* * * LOW HITPOINT WARNING * * *
You hit something but do no damage. Your kick misses something.
Something hits you but does no damage. x2
You barely miss something. Something hits you.
* * * LOW HITPOINT WARNING * * *
You hit something. Your kick misses something.
You hear some strange, mumbled words.
A magic dart appears from out of thin air!
The magic dart hits you!
* * * LOW HITPOINT WARNING * * *
Something hits you but does no damage.
You miss something. You claw something.
Something hits you but does no damage. x2
You barely miss something. Something hits you.
* * * LOW HITPOINT WARNING * * *
You hit something but do no damage. Your kick misses something.
You hear some strange, mumbled words.
A puff of flame appears from out of thin air!
The puff of flame hits you!
You die...

##########.#
#......)...###
#####.#####.....#
#.............#.# ##
#.###.#####.###.# ..
###.###.........#.#.####!
................)........
###.......###.#{)##.###..
###.......# #.#)@# .#
........................
###.#########.#..##.###.
..... ....... .. #####
#.#.#..# ... ..<#.#... ##
####. .. . ...# ..... ..
.... ##.#


There were no monsters in sight!

Vanquished Creatures
  2 orc priests
  Crazy Yiuf (D:3)
  An iguana (D:4)
  An orc wizard (D:3)
  A worker ant (D:3)
  Robin (D:3)
  5 adders
  2 adder skeletons (D:4)
  4 worms
  4 dart slugs
  3 leopard geckos
  8 orcs
  A giant cockroach (D:3)
  9 goblins
  12 hobgoblins
  2 quokkas
  5 bats
  14 frilled lizards
  7 kobolds
  4 rats
87 creatures vanquished.

Notes
Turn   | Place    | Note
-------+----------+-------------------------------------------
     0 | D:1      | Mgcat the Demonspawn Berserker began the quest for the Orb.
     0 | D:1      | Reached XP level 1. HP: 18/18 MP: 1/1
   301 | D:1      | Reached skill level 3 in Axes
   305 | D:1      | Gained mutation: You have sharp toenails. [demonic ancestry]
   305 | D:1      | Reached XP level 2. HP: 17/24 MP: 2/2
   677 | D:1      | Reached XP level 3. HP: 29/29 MP: 3/3
   768 | D:2      | Reached ** piety under Trog
   912 | D:2      | HP: 4/30 [worm (7)]
  1218 | D:2      | Reached skill level 4 in Fighting
  1254 | D:2      | Reached XP level 4. HP: 36/37 MP: 4/4
  1805 | D:3      | HP: 7/37 [worker ant (4)]
  1810 | D:3      | HP: 9/38 [poisoned by a worker ant]
  1816 | D:3      | HP: 8/38 [poisoned by a worker ant]
  1822 | D:3      | HP: 6/38 [poisoned by a worker ant]
  1830 | D:3      | HP: 5/38 [poisoned by a worker ant]
  2065 | D:3      | Reached skill level 4 in Axes
  2131 | D:3      | Reached XP level 5. HP: 43/43 MP: 5/5
  2210 | D:3      | Found an ancient bone altar of Kikubaaqudgha.
  2272 | D:3      | Found a runed door.
  2568 | D:3      | Found a hide-covered altar of Uskayaw.
  2637 | D:3      | Noticed Robin
  2669 | D:3      | Killed Robin
  2669 | D:3      | Reached skill level 5 in Fighting
  2788 | D:3      | Noticed Crazy Yiuf
  2793 | D:3      | Killed Crazy Yiuf
  2853 | D:4      | Gained mutation: You have a pair of small antennae on your head. [demonic ancestry]
  2853 | D:4      | Reached XP level 6. HP: 51/51 MP: 6/6
  2983 | D:4      | Found a staircase to the Ecumenical Temple.
  3123 | D:4      | Found an iron altar of Okawaru.
  3217 | D:4      | HP: 10/51 [something (4)]
  3220 | D:4      | HP: 3/51 [something/magic dart (5)]
  3223 | D:4      | Killed from afar by an orc wizard

Skill      XL: |  1  2  3  4  5 |
---------------+----------------+-----
Axes           | 3 4 |  4.9
Fighting       | 4 5 |  5.4
Armour         | |  1.7
Dodging        | |  1.7

Action                   |  1- 3 |  4- 6 || total
-------------------------+-------+-------++-------
Melee: Hand axe          |   103 |   101 ||   204
       Kick              |    16 |    56 ||    72
       Dagger            |       |    95 ||    95
Invok: Berserk           |     3 |     7 ||    10
       Trog's Hand       |       |     3 ||     3
  Use: Scroll            |       |    14 ||    14
 Stab: Sleeping          |     1 |       ||     1
  Eat: Chunk             |     3 |    13 ||    16
Armor: Animal skin       |     6 |       ||     6
       Ring mail         |    28 |    68 ||    96
Dodge: Dodged            |    69 |   114 ||   183

Vault maps used:
D:1:      evilmike_arrival_rings
D:2:      minmay_lizard_king
D:3:      kiku_gazebo_garden_becter, nicolae_overflow_hidden_temple,
          uniq_crazy_yiuf_cottage, uniq_robin
D:4:      minmay_temple_entry_large_hall, kennysheep_okawaru_gauntlet, uniq_ijyb

Table legend:
 A = Turns spent in this place as a percentage of turns spent in the entire game.
 B = Non-inter-level travel turns spent in this place as a percentage of non-inter-level travel turns spent in the entire game.
 C = Inter-level travel turns spent in this place as a percentage of turns spent in this place.
 D = Turns resting spent in this place as a percentage of non-inter-level travel turns spent in this place.
 E = Turns spent auto-exploring this place as a percentage of non-inter-level travel turns spent in this place.
 F = Non-inter-level travel turns spent in this place divided by the number of levels of this place that you've seen.
                   A       B       C       D       E      F
               +-------+-------+-------+-------+-------+----------------------
         Total | 100.0 | 100.0 |   2.8 |   0.2 |  78.4 | 783.0
       Dungeon | 100.0 | 100.0 |   2.8 |   0.2 |  78.4 | 783.0
               +-------+-------+-------+-------+-------+----------------------

Table legend:
 A = Kills in this place as a percentage of kills in entire the game.
 B = Kills by you in this place as a percentage of kills by you in the entire game.
 C = Kills by friends in this place as a percentage of kills by friends in the entire game.
 D = Other kills in this place as a percentage of other kills in the entire game.
 E = Experience gained in this place as a percentage of experience gained in the entire game.
 F = Experience gained in this place divided by the number of levels of this place that you have seen.
                   A       B       C       D       E      F
               +-------+-------+-------+-------+-------+----------------------
         Total | 100.0 | 100.0 |   N/A |   N/A | 100.0 | 117.5
       Dungeon | 100.0 | 100.0 |   N/A |   N/A | 100.0 | 117.5
               +-------+-------+-------+-------+-------+----------------------
